 Dungeon Crawl Stone Soup version 0.22.1-1-ga44c0e56f4 (webtiles) character file.

268 Gargoyl the Skirmisher (level 6, -1/52 HPs)
             Began as a Centaur Abyssal Knight on Oct 13, 2018.
             Was a Follower of Lugonu.
             Slain by a worker ant (5 damage)
             ... on level 4 of the Dungeon.
             The game lasted 00:05:10 (3747 turns).

Gargoyl the Skirmisher (Centaur Abyssal Knight)     Turns: 3747, Time: 00:05:10

Health: -1/52      AC:  8    Str: 15    XL:     6   Next: 1%
Magic:  8/9        EV: 16    Int: 16    God:    Lugonu [*.....]
Gold:   125        SH:  0    Dex: 15    Spells: 5/5 levels left

rFire    . . .     SeeInvis .   a - +2 hand axe
rCold    . . .     Gourm    .   (no shield)
rNeg     . . .     Faith    .   h - +0 ring mail
rPois    .         Spirit   .   k - +1 helmet
rElec    .         Reflect  .   (no cloak)
rCorr    .         Harm     .   (no gloves)
MR       .....     Clarity  +   (no barding)
Stlth    +.........             (no amulet)
HPRegen  0.17/turn              d - +2 ring of evasion
MPRegen  0.11/turn              (no ring)

@: brilliant, agile, lethally poisoned (-1 -> -10), very quick
A: large, hooves 3, clarity, deformed body, speed 2, high mp 1, tough skin 3,
wild magic 1, sturdy frame 1
a: Depart the Abyss, Renounce Religion


You were on level 4 of the Dungeon.
You worshipped Lugonu.
Lugonu was aware of your devotion.
You were not hungry.

You visited 1 branch of the dungeon, and saw 4 of its levels.
You visited the Abyss 1 time.

You collected 125 gold pieces.

Inventory:

Hand Weapons
 a - a +2 hand axe (weapon)
Armour
 h - a +0 ring mail (worn)
 k - a +1 helmet (worn)
Jewellery
 d - a +2 ring of evasion (left hand)
Scrolls
 g - a scroll of teleportation
 j - 5 scrolls of identify
 n - a scroll of remove curse
Potions
 i - a potion of heal wounds {unknown}
 l - a potion of curing {unknown}
Comestibles
 c - 4 rations
 m - a chunk of flesh


   Skills:
 + Level 4.0 Fighting
 + Level 3.0 Axes
 * Level 3.0 Armour
 + Level 1.2 Dodging
 * Level 3.2 Invocations


You had 5 spell levels left.
You didn't know any spells.
Your spell library was empty.

Dungeon Overview and Level Annotations

Branches:
Dungeon (4/15)
 Temple: D:4-7

Altars:
Fedhas
Makhleb
Vehumet


Innate Abilities, Weirdness & Mutations

You have hooves in place of feet.
Armour fits poorly on your strangely shaped body.
You cover ground very quickly.
You have extremely tough skin. (AC +3)
You possess an exceptional clarity of mind.
You have an increased reservoir of magic. (+10% MP)
Your spells are a little harder to cast, but a little more powerful.
Your movements are slightly less encumbered by armour. (ER -2)


Message History

You feel sick.
* * * LOW HITPOINT WARNING * * *
You feel sick.
* * * LOW HITPOINT WARNING * * *
You feel sick.
* * * LOW HITPOINT WARNING * * *
You feel sick.
It was a potion of agility.
You feel agile all of a sudden.
* * * LOW HITPOINT WARNING * * *
You feel sick. The worker ant barely misses you.
It was a potion of mutation.
You feel extremely strange.
You feel less encumbered by your armour.
You feel less in control of your magic.
You feel more energetic.
Your thoughts seem clearer.
* * * LOW HITPOINT WARNING * * *
You feel sick.
The worker ant waves its antennae.
The worker ant bites you.
You die...

### ####.## ##.....#
#......##
#.......############
#######............######..
#........@a.........#
#..........##########
##........## #........#
#........# ####
##.........# ...##
#.....###... ##..####.....#
##. ####).[....###


You could see a worker ant.

Vanquished Creatures
  A hound (D:4)
  An orc wizard (D:3)
  A bullfrog skeleton (D:4)
  Natasha (D:3)
  A worker ant (D:4)
  7 adders
  2 oozes
  An adder skeleton (D:4)
  4 worms
  3 dart slugs (D:1)
  3 leopard geckos
  3 orcs
  A ball python (D:1)
  2 giant cockroaches (D:1)
  4 goblins
  2 hobgoblins
  2 kobolds
  A quokka (D:4)
  3 bats
  4 frilled lizards
  4 rats
51 creatures vanquished.

Notes
Turn   | Place    | Note
-------+----------+-------------------------------------------
     0 | Abyss:1  | Gargoyl the Centaur Abyssal Knight began the quest for the
                  | Orb.
     0 | Abyss:1  | Reached XP level 1. HP: 19/19 MP: 2/2
    90 | Abyss:1  | Noticed a large abomination
    91 | Abyss:1  | Noticed a tentacled starspawn
    93 | D:1      | Escaped the Abyss
   212 | D:1      | Reached XP level 2. HP: 21/26 MP: 3/3
   317 | D:1      | Reached * piety under Lugonu
   791 | D:1      | Reached XP level 3. HP: 30/31 MP: 4/4
  1135 | D:2      | Reached skill level 1 in Dodging
  1375 | D:2      | Reached XP level 4. HP: 29/40 MP: 5/5
  2337 | D:3      | Noticed an orc warrior
  2546 | D:3      | Noticed Natasha
  2552 | D:3      | Killed Natasha
  2684 | D:3      | Reached XP level 5. HP: 42/46 MP: 7/7
  3295 | D:4      | Found a blossoming altar of Fedhas.
  3296 | D:4      | Found a radiant altar of Vehumet.
  3298 | D:4      | Found a burning altar of Makhleb.
  3585 | D:4      | Reached skill level 4 in Fighting
  3585 | D:4      | Reached XP level 6. HP: 32/52 MP: 8/8
  3747 | D:4      | Gained mutation: Your movements are slightly less
                  | encumbered by armour. (ER -2) [potion of mutation]
  3747 | D:4      | Gained mutation: Your spells are a little harder to cast,
                  | but a little more powerful. [potion of mutation]
  3747 | D:4      | Gained mutation: You have an increased reservoir of magic.
                  | (+10% MP) [potion of mutation]
  3747 | D:4      | Gained mutation: You possess an exceptional clarity of
                  | mind. [potion of mutation]
  3747 | D:4      | Slain by a worker ant

Skill      XL: |  1  2  3  4  5 |
---------------+----------------+-----
Axes           | 2 3 |  3.0
Dodging        | 1 |  1.2
Armour         | 2 3 |  3.0
Invocations    | 3 |  3.2
Fighting       | 4 |  4.0

Action                   |  1- 3 |  4- 6 || total
-------------------------+-------+-------++-------
Melee: Hand axe          |    72 |   123 ||   195
       Kick              |    11 |    27 ||    38
Invok: Depart the Abyss  |     1 |       ||     1
  Use: Scroll            |     3 |     6 ||     9
       Potion            |       |     3 ||     3
  Eat: Chunk             |     1 |     6 ||     7
Armor: Leather armour    |     6 |       ||     6
       Ring mail         |    23 |    38 ||    61
Dodge: Dodged            |    45 |    59 ||   104
